 Dungeon Crawl Stone Soup version 0.27.0-1-g7a089689b8 (webtiles) character file.

Game seed: 5065683518491298463

74 Leibowitz the Cutter (level 4, 0/28 HPs)
             Began as a Kobold Fighter on Aug 13, 2021.
             Succumbed to a kobold brigand's poison
             ... on level 3 of the Dungeon.
             The game lasted 00:03:49 (2712 turns).

Leibowitz the Cutter (Kobold Fighter)               Turns: 2712, Time: 00:03:49

Health: 0/28       AC:  9    Str: 13    XL:     4   Next: 54%
Magic:  4/4        EV: 12    Int:  9    God:
Gold:   78         SH: 10    Dex: 15    Spells: 3/3 levels left

rFire    + . .     SeeInvis .   a - +0 rapier
rCold    . . .     Faith    .   c - +0 buckler
rNeg     + . .     Spirit   .   l - +2 ring mail {rF+}
rPois    .         Reflect  +   k - +0 helmet
rElec    .         Harm     .   e - +0 cloak
rCorr    .         Rampage  .   (no gloves)
Will     .....                  (no boots)
Stlth    ++........             b - amulet of reflection
HPRegen  0.09/turn              h - ring of positive energy
MPRegen  0.09/turn              (no ring)

@: mighty, lethally poisoned (0 -> -6)
A: small, no large weapons, nightstalker 3
a: no special abilities


You were on level 3 of the Dungeon.
You visited 1 branch of the dungeon, and saw 3 of its levels.

You collected 78 gold pieces.

Inventory:

Hand Weapons
 a - a +0 rapier (weapon)
Armour
 c - a +0 buckler (worn)
 e - a +0 cloak (worn)
 k - a +0 helmet (worn)
 l - a +2 ring mail of fire resistance (worn)
Jewellery
 b - an amulet of reflection (around neck)
 h - a ring of positive energy (left hand)
Scrolls
 f - 2 scrolls of teleportation {unknown}
 g - 3 scrolls of identify {unknown}
 j - a scroll of magic mapping {unknown}
Potions
 d - a potion of might


   Skills:
 * Level 3.5 Fighting
 * Level 3.8 Short Blades
 * Level 2.8 Armour
 * Level 1.2 Dodging
 * Level 2.4 Stealth
 * Level 2.6 Shields


You had 3 spell levels left.
You didn't know any spells.
Your spell library was empty.

Dungeon Overview and Level Annotations

Branches:
Dungeon (3/15)

Altars:


Innate Abilities, Weirdness & Mutations

You are small and have problems with some larger weapons.
You are completely attuned to the shadows.


Message History

The curare-tipped dart hits you.
You are poisoned.
You have difficulty breathing.
You feel yourself slow down.
You feel very sick.
The kobold brigand hits you but does no damage.
The kobold brigand barely misses you.
Things that are here:
a +0 club; a hobgoblin corpse You feel very sick.
The kobold brigand throws a poisoned dart.
You reflect the poisoned dart off an invisible shield around you!
The poisoned dart hits the kobold brigand!
The kobold brigand is poisoned.
You hit the kobold brigand.
The kobold brigand is moderately wounded.
You feel very sick. You block the kobold brigand's attack.
The kobold brigand barely misses you.
You hit the kobold brigand.
The kobold brigand is moderately wounded.
You feel sick. The kobold brigand barely misses you.
You hit the kobold brigand.
The kobold brigand is heavily wounded.
You feel sick.
The kobold brigand hits you with a +0 dagger of venom.
* * * LOW HITPOINT WARNING * * *
You are lethally poisoned!
The kobold brigand closely misses you.
It was a potion of cancellation.
Your magical effects are unravelling.
You feel magically purged.
You feel yourself speed up.
* * * LOW HITPOINT WARNING * * *
You feel very sick. You block the kobold brigand's attack.
You feel very mighty all of a sudden.
* * * LOW HITPOINT WARNING * * *
You feel sick. You block the kobold brigand's attack.
You puncture the kobold brigand!
The kobold brigand is severely wounded.
You die...

..#
#####.#########.####.#
..# #.# ≈≈≈.......#
..# #.## ≈≈≈≈≈≈≈≈≈####
..# ###..# ≈≈≈≈≈≈≈###
..# #.....####≈≈≈###..
..# #.###....#####)...
..# # #KK....)..K.#
..# #K###..)..### ###
#@# ####### #.# ..#
#.## ..


You could see 2 kobold brigands and a kobold.

Vanquished Creatures
  An adder (D:2)
  2 worms
  A dart slug (D:1)
  2 bats
  2 endoplasms
  A giant cockroach (D:1)
  8 hobgoblins
  11 kobolds
  5 quokkas
  6 ball pythons
  6 frilled lizards
  5 goblins
  6 rats
56 creatures vanquished.

Notes
Turn   | Place    | Note
-------+----------+-------------------------------------------
     0 | D:1      | Leibowitz the Kobold Fighter began the quest for the Orb.
     0 | D:1      | Reached XP level 1. HP: 14/14 MP: 1/1
   303 | D:1      | Reached XP level 2. HP: 19/19 MP: 2/2
   515 | D:1      | Found a faded altar of an unknown god.
   897 | D:1      | Reached skill level 1 in Stealth
  1025 | D:1      | Reached XP level 3. HP: 23/23 MP: 3/3
  1668 | D:2      | Reached skill level 1 in Dodging
  1778 | D:2      | Reached XP level 4. HP: 28/28 MP: 4/4
  2691 | D:3      | Noticed a kobold brigand
  2693 | D:3      | Noticed a kobold brigand
  2712 | D:3      | Succumbed to a kobold brigand's poison

Illustrated notes

Levels and vault maps discovered:
D:1:      zaba_arrival_water, layout_loops_corners,
          chequers_ecumenical_altar_simple
D:2:      layout_basic, grunt_ministairs_11, feat_on_display
D:3:      cheibrodos_thug_alley, layout_basic

Skill      XL: |  1  2  3  4 |
---------------+-------------+-----
Short Blades   | 3 |  3.8
Stealth        | 1 2 |  2.4
Dodging        | 1 |  1.2
Fighting       | |  3.5
Armour         | |  2.8
Shields        | |  2.6

Action                   |  1- 3 |  4- 6 || total
-------------------------+-------+-------++-------
Melee: Rapier            |   111 |    58 ||   169
  Use: Potion            |       |     2 ||     2
 Stab: Sleeping          |     3 |     8 ||    11
Armor: Scale mail        |    33 |       ||    33
       Leather armour    |     8 |     1 ||     9
       Ring mail         |       |    13 ||    13
Dodge: Dodged            |    43 |    28 ||    71
Block: Buckler           |    33 |    32 ||    65
       Reflection        |       |     1 ||     1
